AoeStats
← Janto&Balio

Arabian Desert

509417403Analyzed
1v1 RM · 7d ago on Sep 26, 2026· 58m 26s· 2 players
Game mode
Random Map
Map size
Tiny (2 player)
Population
200
Speed
Normal
Resources
Standard
Victory
Conquest
Starting age
Dark Age
Ending age
Imperial Age
RankedLock teamsTeams togetherTeam positionsShared explorationLock speedFull tech treeHidden civsTurbo modeCheats
Victory
Defeat
🇺🇸 Danes · United States
994
+18
🇦🇷 Mongols · Argentina
1045
-18
ratchet cat
6:29 Loom
9:06 Feudal Age
12:52 Double-Bit Axe
19:28 Wheelbarrow
22:45 Castle Age
23:38 Bow Saw
23:51 Squires
25:04 Forging
24:54 Scale Mail Armor
29:04 Arson
31:46 Gambesons
32:23 Chain Mail Armor
35:08 Elite Skirmisher
38:48 Imperial Age
41:42 Fletching
41:57 Padded Archer Armor
42:51 Ballistics
44:02 Conscription
44:26 Hand Cart
44:10 Horse Collar
44:55 Pikeman
45:31 Halberdier
46:12 Town Watch
48:34 Thumb Ring
51:05 Bodkin Arrow
51:43 Plate Mail Armor
50:52 Elite Varangian Guard
52:10 Hamask
54:36 Iron Casting
57:37 Leather Archer Armor
57:23 Bracer
Janto&Balio
8:18 Feudal Age
7:18 Loom
10:18 Double-Bit Axe
15:06 Fletching
20:32 Castle Age
21:34 Scale Barding Armor
24:48 Forging
26:27 Husbandry
28:04 Chain Barding Armor
29:23 Bow Saw
30:30 Bodkin Arrow
32:33 Bodkin Arrow
38:56 Ballistics
42:49 Imperial Age
43:09 Elite Steppe Lancer
44:22 Bracer
45:47 Iron Casting
57:15 Blast Furnace
Connection lost

Rejoining the realm…

Still unreachable

The connection could not be restored.

Session expired

The server has moved on; the page needs a fresh start.